 Dungeon Crawl Stone Soup version 0.31-a0-446-g07c4bd200f (webtiles) character file.

Game seed: 8512898218131047709

33 Ethylacetat the Insei (level 3, 0/20 HPs)
             Began as a Vine Stalker Monk on Aug 3, 2023.
             Was an Initiate of Yredelemnul.
             Slain by an ice beast (6 damage)
             ... on level 5 of the Dungeon.
             The game lasted 00:01:21 (1704 turns).

Ethylacetat the Insei (Vine Stalker Monk)           Turns: 1704, Time: 00:01:22

Health: 0/20       AC:  2    Str: 13    XL:     3   Next: 29%
Magic:  0/6        EV: 13    Int: 10    God:    Yredelemnul [......]
Gold:   129        SH:  0    Dex: 18    Spells: 4/4 levels left

rFire   . .          .
                       - Unarmed
rCold   . . .        c - orb {light}
rNeg    . . .        a - +0 robe
rPois   .            (helmet currently unavailable)
rElec   .            (cloak currently unavailable)
rCorr   .            (gloves currently unavailable)
SInv    .            (boots currently unavailable)
Will    .....        (no amulet)
Stlth   +            (no ring)
HPRegen 0.23/turn    (no ring)
MPRegen 0.10/turn

%: guardian spirit
@: beast-form, glowing
A: beast (slay +0), fangs 2, magic shield, antimagic bite, no potion heal 2
a: Begin Untransformation, Renounce Religion, Recall Undead Harvest


You were on level 5 of the Dungeon.
You worshipped Yredelemnul.
Yredelemnul was noncommittal.
You were a hulking beast.
You visited 1 branch of the dungeon, and saw 4 of its levels.

You collected 129 gold pieces.

Inventory:

Armour
 a - a +0 robe (worn)
 c - an orb of light (worn)
Talismans
 l - a beast talisman (active)
Scrolls
 d - 3 scrolls of identify {unknown}
 e - a scroll of enchant armour {unknown}
 g - a scroll of amnesia {unknown}
 h - a scroll of vulnerability {unknown}
 i - 2 scrolls of fear {unknown}
Potions
 b - a potion of ambrosia
 f - a potion of might {unknown}
 j - a potion of enlightenment {unknown}
 k - a potion of attraction {unknown}


   Skills:
 + Level 3.1 Fighting
 - Level 2.4 Dodging
 + Level 3.4 Unarmed Combat
 + Level 1.4 Spellcasting
 * Level 0.0 Shapeshifting


You had 4 spell levels left.
You didn't know any spells.
Your spell library was empty.

Dungeon Overview and Level Annotations

Branches:
Dungeon (5/15)
 Temple: D:4-7

Altars:
Xom
Yredelemnul


Innate Abilities, Weirdness & Mutations

You are a hulking beast.
Your limbs bulge with bestial killing power. (Slay +0)
You have extremely sharp teeth.
When hurt, damage is shared between your health and your magic reserves.
Your bite disrupts and absorbs the magic of your enemies.
Potions cannot restore your health.


Message History

The ice beast is moderately wounded.
You hit the ice beast but do no damage. You bite the ice beast.
You drain its power.
The ice beast is heavily wounded.
The ice beast barely misses you.
You hit the ice beast.
The ice beast is heavily wounded.
The ice beast barely misses you.
You hit the ice beast but do no damage. Your bite misses the ice beast.
The ice beast is heavily wounded.
The ice beast barely misses you.
You hit the ice beast.
The ice beast is heavily wounded.
The ice beast barely misses you.
You hit the ice beast but do no damage.
The ice beast is heavily wounded.
The ice beast hits you. The ice beast freezes you!
Ouch! That really hurt!
* * * LOW HITPOINT WARNING * * *
You are too injured to fight recklessly!
You are too injured to fight recklessly!
An ice beast is nearby!
You are too injured to fight recklessly!
You are too injured to fight recklessly!
You are too injured to fight recklessly!
You are too injured to fight recklessly!
You are too injured to fight recklessly!
You are too injured to fight recklessly!
You hit the ice beast but do no damage.
You bite the ice beast, but do no damage.
The ice beast is heavily wounded.
The ice beast hits you but does no damage.
You hit the ice beast but do no damage. You bite the ice beast.
You drain its power.
You feel invigorated.
The ice beast is heavily wounded.
The ice beast hits you.
* * * LOW HITPOINT WARNING * * *
The ice beast freezes you!
You die...
Your body rises from the dead as a mindless zombie.

..#....
#####..#....
..#........
#..........
#..........
#..........
#..Y.......
#..h.......
#..........
##.........
##.........
#..........
#..........
#..........
#.>........
#..........


You could see an ice beast.

Vanquished Creatures
  An adder (D:2)
  A dart slug (D:1)
  3 bats (D:2)
  3 endoplasms
  3 goblins
  2 hobgoblins (D:2)
  3 ball pythons
  3 kobolds (D:1)
  3 rats
22 creatures vanquished.

Notes
Turn   | Place    | Note
-------+----------+-------------------------------------------
     0 | D:1      | Ethylacetat the Vine Stalker Monk began the quest for the
                  | Orb.
     0 | D:1      | Reached XP level 1. HP: 11/11 MP: 2/2
   430 | D:1      | Reached XP level 2. HP: 16/16 MP: 2/4
   625 | D:1      | Reached skill level 1 in Spellcasting
  1041 | D:2      | Found a shimmering altar of Xom.
  1237 | D:2      | Reached XP level 3. HP: 12/20 MP: 3/6
  1289 | D:2      | Found a faded altar of an unknown god.
  1480 | D:2      | Prayed at the altar of an unknown god.
  1480 | D:2      | Became a worshipper of Yredelemnul the Dark
  1480 | D:2      | Reached * piety under Yredelemnul
  1480 | D:2      | Reached ** piety under Yredelemnul
  1682 | D:3      | You fall into a shaft and drop 2 floors!
  1682 | D:5      | Entered Level 5 of the Dungeon
  1692 | D:5      | Noticed an ice beast
  1704 | D:5      | Slain by an ice beast

Illustrated notes

Levels and vault maps discovered:
D:1:      minmay_arrival_open_corners, layout_loops_ring, moated_statue
D:2:      layout_basic, hellmonk_ecumenical_altar_arch_garden, basic_altar
D:3:      layout_basic, serial_bayou_pond_c, minmay_pentangle
D:5:      layout_rooms, kennysheep_vampire_church, amcnicky_altar_gilded

Skill      XL: |  1  2 |
---------------+-------+-----
Spellcasting   | 1 |  1.4
Fighting       | 3 |  3.1
Dodging        | |  2.4
Unarmed Combat | |  3.4

Action                     || total
---------------------------++-------
  Melee: Unarmed           ||    64
         Bite              ||    16
 Armour: Robe              ||    12
  Dodge: Dodged            ||    41
   Form: Beast             ||     1

Table legend: (Time is in decaauts)
 A = Elapsed time spent in this place.
 B = Non-inter-level travel time spent in this place.
 C = Inter-level travel time spent in this place.
 D = Time resting spent in this place.
 E = Time spent auto-exploring this place.
 F = Levels seen in this place.
 G = Mean time per level.
                   A        B        C        D        E       F      G
               +--------+--------+--------+--------+--------+-----+--------+
         Total |   1704 |   1606 |     98 |      0 |   1433 |   4 |  426.0 |
       Dungeon |   1704 |   1606 |     98 |      0 |   1433 |   4 |  426.0 |
               +--------+--------+--------+--------+--------+-----+--------+

Top non-repeatable levels by time:
     D:2: 799 daAuts
     D:1: 700 daAuts
     D:3: 183 daAuts
     D:5: 21 daAuts
